 Dungeon Crawl Stone Soup version 0.20.1-1-g8b1a95d (webtiles) character file.

113 talesvin the Skirmisher (level 4, 0/45 HPs)
             Began as a Troll Fighter on Oct 25, 2017.
             Slain by yevrey's ghost (3 damage)
             ... on level 3 of the Dungeon.
             The game lasted 00:13:58 (1740 turns).

talesvin the Skirmisher (Troll Fighter)             Turns: 1740, Time: 00:13:59

Health: 0/45       AC:  6    Str: 30    XL:     4   Next: 65%
Magic:  3/3        EV:  8    Int:  4    God:
Gold:   81         SH:  9    Dex:  9    Spells: 3/3 levels left

rFire    . . .     SeeInvis .   o - -2 mace (curse)
rCold    . . .     Gourm    +   b - +0 shield
rNeg     . . .     Faith    .   a - +1 robe
rPois    .         Spirit   .   (helmet restricted)
rElec    .         Reflect  .   (no cloak)
rCorr    .         Harm     .   (gloves unavailable)
MR       .....                  (boots unavailable)
Stlth    +.........             (no amulet)
Regen    0.6/turn               (no ring)
MPRegen  0.1/turn               (no ring)

@: mighty, invisible
A: unfitting armour, claws 3, fast metabolism 3, gourmand, regeneration 1,
shaggy fur 1, tough skin 2
a: no special abilities


You were on level 3 of the Dungeon.
You were not hungry.

You visited 1 branch of the dungeon, and saw 3 of its levels.

You collected 81 gold pieces.

Inventory:

Hand Weapons
 j - a cursed -2 war axe
 m - a +0 mace
 o - a cursed -2 mace (weapon)
 q - a +0 flail
Armour
 a - a +1 robe (worn)
 b - a +0 shield (worn)
 n - a +0 ring mail
Scrolls
 f - 2 scrolls of identify
 k - a scroll of fear
 p - a scroll of noise {unknown}
 r - a scroll of blinking {unknown}
Potions
 c - a potion of might
 g - a potion of lignification {unknown}
 h - 2 potions of haste {unknown}
 i - a potion of heal wounds {unknown}
 l - a potion of curing {unknown}


   Skills:
 * Level 3.2 Fighting
 - Level 0.1 Maces & Flails
 + Level 3.0 Dodging
 * Level 3.0 Shields
 + Level 2.6 Unarmed Combat


You had 3 spell levels left.
You didn't know any spells.

Dungeon Overview and Level Annotations

Branches:
Dungeon (3/15)

Altars:
Makhleb

Annotations:
D:3 yevrey's ghost, amateur DrCj


Innate Abilities, Weirdness & Mutations

You are too large for most types of armour.
You have claws for hands.
Your metabolism is lightning-fast.
You like to eat raw meat.
Your natural rate of healing is unusually fast.
You are covered in fur. (AC +1)
You have very tough skin. (AC +2)


Message History

You feel less confused.
Yevrey's ghost hits you but does no damage.
Yevrey's ghost casts a spell at you. The spray of energy hits you!
* * * LOW HITPOINT WARNING * * *
You see here 8 gold pieces.
There is a stone staircase leading down here.
Drop what? 17/52 slots (_ for help) (? for menu, Esc to quit)
Okay, then.
You are a level 4 Troll Fighter.
You are 65% of the way to level 5.
Play time: 00:13:22 (1738 turns)
You feel very mighty all of a sudden.
Yevrey's ghost points at you and mumbles some strange words.
The magic dart hits you!
* * * LOW HITPOINT WARNING * * *
A jackal comes into view.
It was a potion of invisibility.
You fade into invisibility!
Yevrey's ghost hits you.
You die...

#......<....$.....
.###.#.....h...##.
#.#...#.###.#
#.....).# #
#.#...#.#
#.#...#.#
#.......#
#.#...#.#
#########.@.....#
#.........#W..###
#.#......$#.#
#.#..##.#...#
#..[.##.##.......
#>#.###.# .######
#.#.#†###.# .#
#.........# .#
###.####### .#


You could see yevrey's ghost and a jackal (wandering).

Vanquished Creatures
  A hound (D:2)
  A gnoll (D:1)
  5 adders (D:2)
  An orc (D:3)
  2 bats (D:1)
  2 giant cockroaches
  3 goblins
  4 hobgoblins
  A jackal (D:3)
  A ball python (D:2)
  4 frilled lizards
  2 kobolds (D:2)
  5 rats
32 creatures vanquished.

Notes
Turn   | Place    | Note
-------+----------+-------------------------------------------
     0 | D:1      | talesvin the Troll Fighter began the quest for the Orb.
     0 | D:1      | Reached XP level 1. HP: 22/22 MP: 0/0
   190 | D:1      | Reached XP level 2. HP: 28/29 MP: 1/1
   699 | D:2      | Reached XP level 3. HP: 37/37 MP: 2/2
  1054 | D:2      | Reached XP level 4. HP: 43/45 MP: 3/3
  1363 | D:2      | Found a burning altar of Makhleb.
  1707 | D:3      | Noticed yevrey's ghost (amateur DrCj)
  1738 | D:3      | HP: 2/45 [yevrey's ghost/magic dart (5)]
  1740 | D:3      | Slain by yevrey's ghost

Skill      XL: |  1  2  3  4 |
---------------+-------------+-----
Fighting       | 3 |  3.2
Dodging        | 3 |  3.0
Shields        | 3 |  3.0
Maces & Flails | |  0.1
Unarmed Combat | |  2.6

Action                   |  1- 3 |  4- 6 || total
-------------------------+-------+-------++-------
Melee: Unarmed           |    48 |       ||    48
       Mace              |    53 |    67 ||   120
  Use: Scroll            |     4 |     1 ||     5
       Potion            |       |     2 ||     2
  Eat: Bread ration      |     1 |     1 ||     2
       Chunk             |     3 |     4 ||     7
Armor: Robe              |    39 |    30 ||    69
Dodge: Dodged            |    34 |    28 ||    62
Block: Shield            |    61 |    43 ||   104
